[Event "Israeli Team-ch 2023"]
[Site "Petah Tikva"]
[Date "2023.01.13"]
[Round "2.10"]
[White "Caspi, Israel"]
[Black "Sokolovsky, Yahli"]
[Result "1-0"]
[ECO "C47"]
[WhiteElo "2472"]
[BlackElo "2431"]
[Annotator "TA"]
[PlyCount "119"]
[EventDate "2023.01.13"]
[EventCountry "ISR"]
[SourceTitle "playchess.com"]
[Source "ChessBase"]
[SourceQuality "1"]
[TimeControl "40/5400+30:1800+30"]

1. e4 e5 2. Nf3 Nc6 3. Nc3 Nf6 4. d4 exd4 5. Nxd4 Bb4 6. Nxc6 bxc6 7. Bd3 d5 8. exd5 O-O 9. O-O cxd5 10. h3 {[%emt 0:00:04] C47: Scotch Four Knights and Four Knights with 4 g3.} c6 11. Bf4 Bd6 12. Qd2 {[%emt 0:00:06] The position is equal.} Rb8 13. b3 Qc7 14. Bxd6 Qxd6 15. Rfe1 Bd7 {[%emt 0:01:54] [#]} 16. Ne2 $146 ({Predecessor:} 16. Re2 g6 17. Rae1 Kg7 18. Re7 Rfd8 19. R1e2 Ng8 20. R7e3 Nf6 21. Re7 Ng8 22. R7e3 {½-½ Herzog,M (1872)-Gazen,L (2013) RB-2019-0-00369 2018}) 16... Rfe8 17. c4 Re5 18. Red1 Rbe8 19. cxd5 Rxd5 {[%emt 0:09:24] ...Bf5 would be deadly.} 20. Qc2 $1 (20. Nc3 $2 Rxd3 21. Qxd3 Re1+ 22. Rxe1 Qxd3 $19) 20... g6 (20... Bxh3 $5 21. gxh3 Rd8 $11) 21. Bc4 Qc5 22. Nf4 Rf5 {[%emt 0:02:56] [#]} 23. Rac1 $1 Qb6 24. g3 (24. Nd3 {is more complex.} Rg5 25. Qb2 Ne4 26. Kh2) 24... Rg5 25. Qc3 Rge5 ({Black should play} 25... c5 $14) 26. Qf3 ({White should try} 26. Rd6 $1 $16 Ne4 27. Bxf7+ Kf8 28. Qb2 (28. Qd4 Nxd6 29. Qxd6+ Kxf7 $15)) 26... Bf5 27. Nd3 (27. Bf1 $5 ) 27... Re4 {[%emt 0:00:25] [#]} 28. Nc5 $1 R4e5 29. Nd3 Re3 30. Qg2 $36 {[%emt 0:02:21][%mdl 2048] White is more active.} (30. fxe3 $2 Rxe3 31. Qg2 Rxg3+ 32. Nf2 Rxg2+ 33. Kxg2 Ne4 34. Nxe4 Bxe4+ 35. Kf1 Qe3 $19) 30... Be4 31. Qh2 Rf3 32. Ne1 Rf5 33. g4 {[%emt 0:00:28] Dodges Rh5} Rfe5 34. Qf4 Nd5 35. Qd2 Qd8 $2 (35... h5 $11) 36. f3 $1 $16 Qh4 37. fxe4 Rxe4 38. Ng2 (38. Bf1 $142 $1) 38... Qxh3 39. Bxd5 cxd5 40. Qxd5 Rxg4 {[%emt 0:00:51] ( -> ...Re2)} (40... Re2 $2 41. Rc7 Rf8 42. Rxa7 $18) 41. Re1 {[%emt 0:03:32] Prevents Re2.} Re3 42. Rc8+ $1 ({Wrong is} 42. Rf1 $2 Rxg2+ 43. Qxg2 Rg3 $19) 42... Kg7 {[%emt 0:00:04] [#]} 43. Rxe3 Qxe3+ 44. Kf1 Qe7 45. Rc2 h5 46. Re2 Qf6+ 47. Rf2 Qa1+ ({Better is} 47... Qa6+ $14 48. Kg1 Qe6 49. Qxe6 fxe6) 48. Ne1 $18 f5 49. Qd7+ Kh6 50. Qd2+ (50. Qxa7 $142 {Qe3+ is the strong threat.} Qe5 51. Qd7) 50... Kh7 $16 51. Re2 {[%emt 0:01:56] Inhibits Qe5. Black must now prevent Re7+.} Qf6 {[%emt 0:00:37] Repels Re7+} (51... Re4 $16 {is a better defense.}) 52. Nf3 $18 Rg3 53. Kf2 f4 $2 (53... h4 54. Qe3 Rg4) 54. Re4 Qb6+ {[%emt 0:03:52] [#]} 55. Rd4 $1 g5 (55... Rg4 56. Qe2 Qf6) 56. Qd3+ Kg7 57. Ke2 {[%emt 0:00:30] And now Rd7+ would win.} ({Stronger than} 57. Qf5 Rxf3+ 58. Kxf3 Qxd4 59. Qxg5+ Kf8 60. Qxf4+ Qxf4+ 61. Kxf4 Ke7 $11) 57... Qe6+ 58. Re4 Qc6 59. Qd4+ Kg8 60. Qd8+ {[%emt 0:00:20] An entertaining game by Caspi.   Weighted Error Value: White=0.11 (very precise) /Black=0.38} 1-0

[Event "Israeli Team-ch 2023"]
[Site "Petah Tikva"]
[Date "2023.01.13"]
[Round "2.11"]
[White "Taichman, Ori"]
[Black "Kogan, Arthur"]
[Result "0-1"]
[ECO "B30"]
[WhiteElo "2317"]
[BlackElo "2471"]
[Annotator "TA"]
[PlyCount "120"]
[EventDate "2023.01.13"]
[EventCountry "ISR"]
[SourceTitle "playchess.com"]
[Source "ChessBase"]
[SourceQuality "1"]
[TimeControl "40/5400+30:1800+30"]

1. e4 c5 2. Nc3 Nc6 3. Bb5 Nd4 4. Nf3 e6 5. O-O a6 6. Bd3 Nc6 {[%emt 0:01:34] B30: Sicilian: 2...Nc6 3 Bb5, lines without ...g6.} 7. Nd5 g6 8. c3 Bg7 {[%emt 0:00:16] [#] The position is equal.} 9. Re1 $1 d6 10. Ne3 Nge7 11. Bc2 e5 (11... d5 $5 ) 12. a3 O-O 13. b4 {[%emt 0:00:09] [#]} Kh8 $146 (13... Nd4 $11 {is more appropriate.}) ({Predecessor:} 13... b5 14. Rb1 h6 15. Bb2 f5 16. bxc5 dxc5 17. a4 Qd6 18. Ba3 Be6 19. d3 f4 {½-½ Zvjaginsev,V (2648)-Bukavshin,I (2647) RUS-ch Higher League 68th 2015 (9)}) 14. Rb1 cxb4 15. axb4 f5 16. b5 axb5 17. Rxb5 Na7 18. Rb4 Nac6 19. Rb5 Ra1 20. exf5 gxf5 21. Ng5 (21. d4 $1 $14) 21... Qe8 22. Nc4 Qg6 {[%emt 0:04:05] [#]} 23. f4 h6 (23... d5 $15 24. Nb6 e4 25. Nxc8 {[%mdl 64] Remove Defender} (25. Nxd5 Nxd5 26. Rxd5 h6 $17) 25... Rxc8) 24. Nh3 (24. Nf3 $5 ) 24... e4 25. d4 (25. Bb1 $11) 25... d5 (25... Ra2 26. Bb2 $11) 26. Ne3 (26. Ne5 Bxe5 27. dxe5 Rg8 $17) 26... Na7 27. Rb1 Rxb1 28. Bxb1 Nb5 {[%emt 0:01:38] Dodges Ba3} 29. Qb3 Qc6 30. Ba3 Nxa3 (30... Qxc3 31. Qxc3 (31. Qxb5 $2 Qxe1+ 32. Qf1 Qxe3+ $19) 31... Nxc3 32. Bxe7 $16) 31. Qxa3 Ng6 32. Ba2 Be6 33. Rb1 Rc8 34. Rb3 b5 {[%emt 0:02:25][%cal Ob5b4] Strongly threatening ...b4!} 35. Qb2 (35. g3 $15) 35... Ne7 $17 36. Nd1 Bd7 (36... Rb8 $17 {Threatens to win with ...Qa6.} 37. Ne3 Nc8) 37. Nhf2 Qd6 38. g3 Ra8 39. Ne3 Nc8 (39... Bf6 $17) 40. Nc2 (40. Qd2 $11) 40... Nb6 $1 41. Nb4 Nc4 42. Qe2 Ra4 $1 {[%emt 0:01:26][%cal Og7d4] White must now prevent ...Bxd4! Black is much more active.} 43. Qh5 Qe6 44. Rb1 (44. Nd1 $17) 44... Ra3 $19 45. Rc1 {[%emt 0:05:52] [#]} e3 $2 ({Black should play} 45... Bf8 $1 $19 {[%cal Rf8b4] And now ...Bxb4 would win.} 46. Bxc4 bxc4) 46. Nfd3 $11 e2 $36 {[%emt 0:00:27][%mdl 2048] Black has good play.} 47. Ne5 Nxe5 (47... Rxc3 $6 48. Re1 $17) 48. fxe5 {[%emt 0:00:20] [#]} Rxc3 $1 {[%emt 0:00:10][%mdl 64] Decoy, Promotion} 49. Re1 Qb6 50. Bxd5 $2 (50. Kg2 $11 Qxd4 51. Rxe2 Qxb4 52. e6 Bxe6 53. Rxe6 Rc2+ 54. Kf1 Rc1+ 55. Kg2 Qd2+ 56. Kh3) 50... Qxd4+ $19 51. Kg2 {[%emt 0:00:01][%cal Oh5f7] [#] Hoping for Qf7!} Rc5 $1 ({Stronger than} 51... Qxb4 52. Qf7 Qf8 53. Qxd7 $11) 52. e6 $2 (52. Qf7 Rxd5 53. Qxd5 Qxd5+ {[%mdl 64] Remove Defender} 54. Nxd5) 52... Rxd5 53. exd7 {[%emt 0:00:02] Qe8+ would be deadly.} Qe4+ ({Inferior is} 53... Rxd7 54. Rxe2 Qg4 55. Qe8+ Kh7 56. h3 $17) (53... Qxb4 $19 {has better winning chances.} 54. Rxe2 Kh7) 54. Kh3 $2 {[%emt 0:00:38][%mdl 8192] White is weak on the dark squares} (54. Qf3 $17 Rxd7 55. Rxe2 Qxf3+ 56. Kxf3) 54... Qxb4 ({Weaker is} 54... Rxd7 55. Rxe2 Qg4+ 56. Qxg4 fxg4+ 57. Kh4 $15) 55. Qf7 $2 (55. Rxe2 $19 Qg4+ 56. Qxg4 fxg4+ 57. Kxg4 Rxd7 58. Re8+ Kh7 59. Rb8) 55... Qg4+ (55... Qxe1 $142 56. Qxd5 Qf1+ 57. Kh4 Bf6+ 58. Kh5 Kg7 59. h4 e1=Q 60. Qf7+ Kxf7 61. d8=Q Bxd8 62. Kxh6 Qxg3 63. Kh7 Qxh4#) 56. Kg2 {[%emt 0:00:01] Black is clearly winning.} Qe4+ 57. Kh3 Qd4 58. Qe8+ Kh7 59. Qe6 Qg4+ 60. Kg2 Qe4+ {[%emt 0:00:14] Excellently played by Kogan!   Weighted Error Value: White=0.60/Black=0.47} 0-1

[Event "Israeli Team-ch 2023"]
[Site "Petah Tikva"]
[Date "2023.01.13"]
[Round "2.12"]
[White "Golod, Vitali"]
[Black "Klenburg, Michael"]
[Result "1-0"]
[ECO "E92"]
[WhiteElo "2501"]
[BlackElo "2347"]
[Annotator "TA"]
[PlyCount "117"]
[EventDate "2023.01.13"]
[EventCountry "ISR"]
[SourceTitle "playchess.com"]
[Source "ChessBase"]
[SourceQuality "1"]
[TimeControl "40/5400+30:1800+30"]

1. d4 Nf6 2. c4 g6 3. Nc3 Bg7 4. e4 d6 5. Nf3 O-O 6. Be2 e5 7. d5 a5 8. O-O Na6 9. Bg5 Qe8 10. Nd2 Kh8 {[%emt 0:02:30] E92: King's Indian: Classical: 6 Be2 e5: 7 dxe5, 7 Be3 and Petrosian System without 7...Nbd7.} 11. a3 Bd7 12. b3 Ng8 {[%emt 0:00:56] The position is equal.} 13. Rb1 f5 {[%emt 0:11:40] Strongly threatening ...h6.} 14. f3 Bh6 15. Bxh6 Nxh6 16. b4 axb4 17. axb4 Qe7 18. Kh1 Nf7 19. Qc2 {[%emt 0:03:09] [#]} f4 $146 ({Predecessor:} 19... Rfb8 20. exf5 gxf5 21. f4 Rg8 {½-½ Kraai,J (2345)-Nielsen,P (2505) Roskilde op 1998 (7)}) 20. Rfc1 c5 21. dxc6 bxc6 22. b5 Nc5 23. Nb3 Nd8 (23... Ne6 $11 {remains equal.}) 24. Nxc5 $16 dxc5 25. Ra1 Ne6 26. Rxa8 Rxa8 27. b6 Bc8 28. Qb2 Kg8 29. Bf1 (29. Ra1 $5 Rb8 30. Bf1 $16) 29... Bb7 {[%emt 0:03:59] Black is on the road to losing.} (29... Nf8 $14) 30. Ra1 Rxa1 31. Qxa1 Qd6 32. Ne2 Kf8 33. Qa7 Nd8 34. g3 {[%emt 0:04:34] White is more active.} g5 35. gxf4 exf4 36. Ng1 h6 {[%emt 0:04:40] [#]} (36... Qe5 $16 37. Bh3 h5) 37. Bh3 $1 $18 Qe5 38. Bf5 Ke8 (38... h5 {was necessary.} 39. Qa2 Ke7) 39. Qa2 Ke7 {[%emt 0:04:17] [#]} 40. h4 $1 Qc3 $2 (40... Qb8 41. Nh3 Nf7) (40... Kf8 41. Nh3) 41. Qa7 {[%emt 0:33:42] Black must now prevent Bc8.} Ke8 42. Qb8 {[%emt 0:01:29] Threatens to win with Bg6+.} Qf6 {[%emt 0:00:40] Inhibits Bg6+.} 43. Qc7 Qe7 44. Nh3 Kf8 $2 (44... Qxc7 45. bxc7 Nf7 46. c8=Q+ Bxc8) 45. hxg5 hxg5 46. Bc8 Bxc8 47. Qxc8 {[%emt 0:00:00][%cal Ob6b7][%mdl 4096] Endgame KQN-KQN} Ke8 48. Kg2 Qg7 49. Qc7 Qb2+ 50. Nf2 g4 51. fxg4 (51. Qxf4 gxf3+ 52. Qxf3 (52. Kxf3 Qxb6 53. Qe5+ Kd7 $14) 52... Qxb6 $14) 51... Qb3 52. Qe5+ Kd7 53. Qxf4 Qxb6 54. g5 {[%emt 0:00:00] And now g6 would win.} Qb2 55. e5 (55. Qf5+ $142 Ke8 56. g6) 55... Qc2 56. Qe4 Qc1 57. Qf5+ Ke8 58. Ne4 Nf7 59. Nf6+ {[%emt 0:00:00] Weighted Error Value: White=0.10 (very precise) /Black=0.47} ({Weaker is} 59. Nxc5 Qd2+ 60. Kh3 (60. Kf1 Qd1+ 61. Kf2 Qd4+ 62. Kg2 Qd2+ 63. Kh1 Qe1+ 64. Kh2 Qd2+ 65. Kh3 Qe3+ 66. Kg2 Qd2+ $11) 60... Qe3+ 61. Kg2 Qd2+ 62. Kh3 (62. Kf1 Qd1+ 63. Kf2 Qd2+ 64. Kg3 Qe3+ 65. Kg2 Qd2+ $11) 62... Qe3+ 63. Kg2 Qd2+ $11) 1-0

[Event "Israeli Team-ch 2023"]
[Site "Petah Tikva"]
[Date "2023.01.13"]
[Round "2.13"]
[White "Kantsler, Boris"]
[Black "Shohat, Yotam"]
[Result "1/2-1/2"]
[ECO "E90"]
[WhiteElo "2407"]
[BlackElo "2284"]
[Annotator "TA"]
[PlyCount "69"]
[EventDate "2023.01.13"]
[EventCountry "ISR"]
[SourceTitle "playchess.com"]
[Source "ChessBase"]
[SourceQuality "1"]
[TimeControl "40/5400+30:1800+30"]

1. d4 Nf6 2. c4 c5 3. d5 g6 4. Nc3 Bg7 5. e4 O-O 6. Nf3 d6 7. h3 e6 8. Bd3 exd5 9. exd5 Re8+ 10. Be3 Rxe3+ {[%emt 0:00:00] E90: King's Indian: Classical: Early deviations and 6 h3.} 11. fxe3 $16 Qe7 12. O-O Nbd7 {[%emt 0:00:00][%cal Bb8d7,Bd7f6,Bf6e4,Be4c3][%mdl 32] White is better.} 13. Qd2 Nh5 14. Ne2 {[%emt 0:00:00] [#]} f5 $146 ({Predecessor:} 14... Ne5 15. Nxe5 Bxe5 16. Nf4 Nf6 17. Rf3 Bd7 18. Raf1 Rf8 19. b3 Kg7 20. a4 Ng8 {½-½ Korobov,A (2688)-Ponomariov,R (2631) Gladiators May 14th blitz 2020 (4)}) 15. Nf4 {[%emt 0:00:00] [#] aiming for Nxh5.} Ng3 16. Rfe1 Nf6 17. Qc2 Bd7 18. Rad1 (18. Kh2 $5 Nfe4 19. Rab1 $14) 18... Re8 19. Qf2 Nfe4 20. Qc2 (20. Bxe4 {simplifies} Nxe4 21. Qc2 Qf6 22. Rb1) 20... Qf6 21. b3 (21. Bxe4 $11 fxe4 22. Nd2) 21... Nc3 (21... g5 $5 22. Ne6 Bxe6 23. dxe6 Rxe6 $15) 22. Rc1 g5 23. Ne6 Bxe6 24. dxe6 h5 (24... g4 {seems wilder.} 25. Kh2 f4 26. Bxh7+ Kh8) 25. Nh2 Rxe6 26. Nf1 Nxf1 27. Bxf1 ({Reject} 27. Rxf1 Rxe3 28. Rce1 (28. Bxf5 $2 {is the wrong capture.} Ne2+ 29. Kh1 Ng3+ 30. Kg1 Qd4 $19) (28. Rxf5 $2 {too greedy.} Qd4 $19) 28... Qd4 29. Rxe3 Qxe3+ 30. Kh1 g4 $15) 27... Ne4 {[%emt 0:00:00] [#] ...g4 is the strong threat.} 28. Bd3 {[%emt 0:00:00] White is weak on the dark squares} (28. g4 $5) 28... Ng3 {[%emt 0:00:00][%mdl 1024] Prevents Rf1. White must now prevent ...g4. Black has compensation.} 29. Qf2 $1 h4 30. Qf3 Qf7 31. a4 (31. Bc2 $11 {remains equal.}) 31... a5 $17 32. Kh2 Be5 33. Kg1 Bg7 34. Kh2 Be5 35. Kg1 {[%emt 0:00:00] Weighted Error Value: White=0.18 (very precise) /Black=0.19 (very precise)} 1/2-1/2

[Event "Israeli Team-ch 2023"]
[Site "Petah Tikva"]
[Date "2023.01.13"]
[Round "2.14"]
[White "Kupervaser, Erez"]
[Black "Gruenfeld, Yehuda"]
[Result "1/2-1/2"]
[ECO "B53"]
[WhiteElo "2293"]
[BlackElo "2414"]
[Annotator "TA"]
[PlyCount "44"]
[EventDate "2023.01.13"]
[EventCountry "ISR"]
[SourceTitle "playchess.com"]
[Source "ChessBase"]
[SourceQuality "1"]
[TimeControl "40/5400+30:1800+30"]

1. e4 c5 2. Nf3 d6 3. d4 cxd4 4. Qxd4 a6 5. h3 Nc6 6. Qe3 {[%emt 0:00:06] B53: Sicilian: 2...d6: Lines with Qxd4.} Nf6 7. c4 e6 8. Be2 {[%emt 0:00:11] White is slightly better.} Be7 9. O-O $1 O-O 10. Rd1 {[%emt 0:02:31] Strongly threatening e5.} Qc7 11. Nc3 Re8 12. b3 Ne5 {[%emt 0:05:59] [#]} 13. Nd4 $146 ({Predecessor:} 13. Bb2 Bd7 14. Rac1 Rad8 15. Nd4 Qc5 16. Rd2 Bc6 17. Nd5 Nxe4 18. b4 Nxc4 19. Nxe7+ Rxe7 20. Rxc4 Nxd2 21. bxc5 {1-0 Chiaramitara,P (2079)-Desideri,R (1954) Sao Paulo Carnaval op 2018 (7)}) 13... Ng6 14. Bb2 b6 15. Rac1 Bb7 16. b4 Rac8 17. Nb3 Ba8 18. Na4 (18. b5 $11) 18... Nd7 (18... Nxe4 $17 {And now ...Rb8 would win.} 19. Qxb6 (19. Nxb6 Bg5 $15) 19... Qb8) 19. g3 Qb7 20. Nd2 Bf8 21. Nc3 Qb8 (21... d5 $11 {keeps the balance.}) 22. Qd4 (22. a3 $16) 22... Bb7 {[%emt 0:09:36] Weighted Error Value: White=0.20 (precise) /Black=0.21 (precise)} (22... Nge5 $11) 1/2-1/2

[Event "Israeli Team-ch 2023"]
[Site "Petah Tikva"]
[Date "2023.01.13"]
[Round "2.15"]
[White "Zaslavsky, Mikhail"]
[Black "Aharon, Ofir"]
[Result "0-1"]
[ECO "A01"]
[WhiteElo "2430"]
[BlackElo "2256"]
[Annotator "TA"]
[PlyCount "96"]
[EventDate "2023.01.13"]
[EventCountry "ISR"]
[SourceTitle "playchess.com"]
[Source "ChessBase"]
[SourceQuality "1"]
[TimeControl "40/5400+30:1800+30"]

1. b3 e5 2. Bb2 Nc6 3. e3 g6 4. Nf3 Bg7 5. c4 Nge7 6. d4 {[%emt 0:00:05] A01: Nimzowitsch-Larsen Opening.} exd4 7. Nxd4 O-O 8. Be2 {[%emt 0:00:02] [#] The position is equal.} a5 $146 ({Predecessor:} 8... Qe8 9. Qd2 Nxd4 10. Bxd4 Bxd4 11. Qxd4 Nc6 12. Qd2 d6 13. Nc3 Qe5 14. O-O Be6 {1-0 Vidit,S (2726)-Murzin,V (2478) Titled Tuesday intern op 18th May blitz 2021 (11)}) 9. Nxc6 Nxc6 ({Black should try} 9... dxc6 $11 10. Qc1 Nf5) 10. Bxg7 $14 Kxg7 11. Nc3 d6 12. h4 h5 13. Rc1 Re8 14. g4 Bxg4 15. Bxg4 hxg4 16. Qxg4 Ne5 17. Qe2 (17. Qe4 $11) 17... Rh8 $15 18. h5 Rxh5 $1 19. Rxh5 gxh5 20. Nd5 c6 21. Nf4 h4 $1 $36 {[%emt 0:00:13][%mdl 2048] ...Qg5 is the strong threat. Black has good play.} 22. Qh5 {[%emt 0:14:01] Wards off Qg5} (22. Nh5+ $15 Kf8 23. f4) 22... Qf6 $17 23. Qd1 $2 (23. Ke2 $17) 23... Rh8 $19 24. Ke2 Ng6 (24... h3 $19 25. Qc2 h2) 25. Nxg6 (25. Qg1 $2 Qb2+ 26. Kd3 Qxa2 $19) 25... fxg6 $17 {[%emt 0:00:15][%mdl 4096] Endgame KQR-KQR} (25... Kxg6 26. Qd3+ Kg7 27. c5 $17) 26. c5 $2 (26. Qe1 {keeps fighting.}) 26... d5 $19 (26... Rf8 $2 27. Qd4 $19) 27. Qd2 h3 (27... Rf8 $2 28. Qc3 $19) 28. Qxa5 Re8 $2 (28... g5 $19 {Hoping for ...Kg6.} 29. Qc7+ Kg6) 29. Qb4 $2 (29. Rh1 $17) 29... d4 30. Rd1 dxe3 31. fxe3 Rf8 32. Qxb7+ Kh6 33. Qd7 Qf2+ (33... Qf3+ $142 34. Kd2 h2) 34. Kd3 Qf5+ ({Weaker is} 34... Qxa2 35. Qxh3+ Kg7 36. Qd7+ Kg8 37. Qe6+ (37. Qxc6 Rd8+ 38. Kc3 Rxd1 $11) 37... Kg7 38. Kc3 (38. Qxc6 $2 {too greedy.} Rd8+ {[%mdl 64] Skewer} 39. Kc3 Rxd1 $19) 38... Qa5+ 39. b4 Qa3+ 40. Qb3 $16) (34... Rf3 35. Qd4 $11) (34... Qf3 $19 35. Rd2 Rf5) 35. Qxf5 $11 Rxf5 {[%emt 0:00:03] KR-KR} 36. Rh1 Rh5 {[%emt 0:00:08] ...Kg5 would be deadly.} 37. b4 $2 {[%emt 0:00:54][%mdl 8192] [#]} (37. e4 $1 $11 {and White has nothing to worry.}) 37... Kg5 $1 $19 {[%emt 0:00:42] Threatens to win with ...Kh4.} 38. b5 (38. a4 $142 Kh4 39. b5 cxb5 40. axb5 Rxc5 41. Rb1) 38... cxb5 39. c6 Kh4 40. Kd4 {[%emt 0:00:36] Prevents Rd5+.} Rh8 {[%emt 0:00:43] And now ...g5 would win.} 41. c7 Rc8 42. Rc1 g5 43. e4 g4 {[%emt 0:01:34] ( -> ...g3)} 44. Ke3 {[%emt 0:00:33] [#]} g3 $1 {[%emt 0:01:28] Black mates.} 45. e5 h2 46. Kf3 {[%emt 0:01:48] [#]} Rxc7 $3 {[%emt 0:03:01][%mdl 576] Deflection, Promotion} 47. Rxc7 h1=Q+ ({Don't take} 47... h1=R 48. Rh7+ Kg5 49. Rxh1 g2 50. Kxg2 Kf5 51. Re1 Ke6 52. Kg3) 48. Kf4 Qf1+ {[%emt 0:00:20] Weighted Error Value: White=1.31/Black=0.37} 0-1

[Event "Israeli Team-ch 2023"]
[Site "Petah Tikva"]
[Date "2023.01.13"]
[Round "2.16"]
[White "Liubarov, Mark"]
[Black "Musyuk, Lior"]
[Result "1/2-1/2"]
[ECO "E04"]
[WhiteElo "2291"]
[BlackElo "2341"]
[Annotator "TA"]
[PlyCount "56"]
[EventDate "2023.01.13"]
[EventCountry "ISR"]
[SourceTitle "playchess.com"]
[Source "ChessBase"]
[SourceQuality "1"]
[TimeControl "40/5400+30:1800+30"]

1. d4 d5 2. c4 e6 3. Nf3 Nf6 4. g3 dxc4 5. Bg2 Nc6 6. Qa4 Bb4+ 7. Bd2 Nd5 8. Bxb4 {[%emt 0:02:20] E04: Open Catalan: 5 Nf3.} Ndxb4 9. Na3 O-O 10. O-O Rb8 11. Qb5 $1 b6 12. Qxc4 Ba6 (12... Qe7 $5 ) 13. Nb5 Qe8 $1 {[%emt 0:01:57][%mdl 4] is now more promising than 13...Qd5.} 14. Rfc1 (14. Rfd1 {is more complex.} Rd8 15. Rdc1 e5 16. dxe5 Nxe5 17. Qxb4 c5 18. Nc7) 14... Nd5 {[%emt 0:08:39] Threatens to win with ...Na5.} 15. Qxc6 Qxc6 {[%emt 0:00:20][%mdl 64] [#] Remove Defender} ({Not} 15... Bxb5 16. Qxe8 Bxe8 17. e4 $16) 16. Rxc6 Bxb5 17. Rc2 c5 18. e3 (18. dxc5 $5 Nb4 19. Rc3 $14) 18... Rfc8 19. dxc5 {[%emt 0:00:34] [#]} bxc5 $146 ({Predecessor:} 19... Nb4 20. Rc3 Rxc5 21. Rxc5 bxc5 22. Bf1 Kf8 23. Bxb5 Rxb5 24. Ne5 Ke7 25. Nc4 Nc6 {0-1 Grischuk,A (2777)-Le,Q (2709) FIDE Steinitz Memorial blitz 2020 (9)}) 20. Rac1 c4 21. a3 {[%emt 0:03:15][%cal Ob2b3] [#] Repels Nb4} c3 $1 22. bxc3 Ba4 23. Rd2 {[%emt 0:00:36] The position is equal.} Nxc3 {[%emt 0:01:08][%cal Oc3e2] aiming for ...Ne2+!} 24. Nd4 {[%emt 0:03:24] Wards off Ne2+} Nb1 25. Rxc8+ Rxc8 26. Rb2 Nxa3 27. Bc6 Bxc6 28. Nxc6 {[%emt 0:00:01] Black must now prevent Ne7+.} Kf8 {[%emt 0:00:41] Prevents Ne7.   Weighted Error Value: White=0.05 (flawless) /Black=0.06 (flawless)} 1/2-1/2

[Event "Israeli Team-ch 2023"]
[Site "Petah Tikva"]
[Date "2023.01.13"]
[Round "2.17"]
[White "Rahmilevitz, Anton"]
[Black "Levitan, Tal"]
[Result "1/2-1/2"]
[ECO "C80"]
[WhiteElo "2250"]
[BlackElo "2286"]
[Annotator "TA"]
[PlyCount "80"]
[EventDate "2023.01.13"]
[EventCountry "ISR"]
[SourceTitle "playchess.com"]
[Source "ChessBase"]
[SourceQuality "1"]
[TimeControl "40/5400+30:1800+30"]

1. e4 e5 2. Nf3 Nc6 3. Bb5 a6 4. Ba4 Nf6 5. O-O Nxe4 6. Re1 Nc5 7. Bxc6 dxc6 8. Nxe5 Be7 9. d4 Ne6 10. c3 O-O 11. Be3 f6 {[%emt 0:11:17] C80: Open Ruy Lopez: Sidelines and 9 Nbd2.} 12. Nf3 Re8 13. Qb3 {[%emt 0:00:00] [#]} Kh8 $146 {[%emt 0:18:20] The position is equal.} ({Predecessor:} 13... Bd6 14. Nbd2 f5 15. Bg5 Qd7 16. Bh4 h6 17. g4 fxg4 18. Ne5 Bxe5 19. Rxe5 Qf7 {0-1 Bazyuk,A (1817)-Paravyan,D (2025) RSSU-18 op Moscow 2009 (5)}) 14. Nbd2 b6 15. h3 Bd6 16. Ne4 Nf8 17. Nxd6 Qxd6 18. c4 Be6 19. Qc3 b5 20. b3 Ng6 21. Rac1 b4 22. Qd2 a5 23. Nh2 Qd7 24. Bf4 Nxf4 25. Qxf4 Kg8 26. Nf1 a4 27. Re3 axb3 28. axb3 Bf7 29. Rxe8+ Bxe8 30. Qd2 c5 31. dxc5 Qxd2 32. Nxd2 $11 {[%emt 0:00:00][%mdl 4096] Endgame KRB-KRN} Bc6 33. Re1 Kf7 34. Re3 Ra5 35. Nf3 Bxf3 $1 36. Rxf3 Rxc5 37. Re3 Ra5 38. g3 Ra2 39. Kg2 Rb2 40. Kf3 h5 {[%emt 0:00:44] Weighted Error Value: White=0.07 (flawless) /Black=0.04 (flawless)} 1/2-1/2